 Dungeon Crawl Stone Soup version 0.29.1-15-g9cfb28693d (webtiles) character file.

Game seed: 16001517492075672088

1115 Hugehornet the Covered (level 8, -3/51 HPs)
             Began as a Gargoyle Fighter on Mar 15, 2023.
             Slain by a wight
             ... wielding a +1 halberd
              (11 damage)
             ... on level 6 of the Dungeon.
             The game lasted 00:16:24 (6848 turns).

Hugehornet the Covered (Gargoyle Fighter)           Turns: 6848, Time: 00:16:24

Health: -3/51      AC: 20    Str: 19    XL:     8   Next: 34%
Magic:  8/8        EV:  5    Int: 12    God:
Gold:   204        SH:  4    Dex:  9    Spells: 7/7 levels left

rFire   . . .      SeeInvis .   a - +0 war axe
rCold   . . .      Faith    .   c - +0 buckler
rNeg    + . .      Spirit   .   C - +0 plate armour
rPois   ∞          Reflect  .   (no helmet)
rElec   +          Harm     .   g - +0 cloak
rCorr   .          Rampage  .   (no gloves)
Will    .....                   (no boots)
Stlth   ..........              p - amulet of the acrobat
HPRegen 0.17/turn               (no ring)
MPRegen 0.11/turn               (no ring)

@: no status effects
A: sickness immunity, AC +5, negative energy resistance 1, electricity
resistance, torment resistance 1, petrification resistance
a: no special abilities


You were on level 6 of the Dungeon.
You visited 2 branches of the dungeon, and saw 7 of its levels.

You collected 204 gold pieces.

Inventory:

Hand Weapons
 a - a +0 war axe (weapon)
 d - the +4 sling of the Imbibing Dove {freeze, rC+ Str+2 Dex+2}
   (You took it off an orc on level 4 of the Dungeon)

   Any ammunition fired from it freezes those it strikes, dealing additional
   cold damage.
   It can also slow down cold-blooded creatures.
   Str:       It affects your strength (+2).
   Dex:       It affects your dexterity (+2).
   rC:        It protects you from cold.
 s - a +2 whip of electrocution
 t - a +0 flail
 B - a +0 glaive
Missiles
 n - a throwing net (quivered)
Armour
 b - a +0 scale mail
 c - a +0 buckler (worn)
 g - a +0 cloak (worn)
 r - a +1 ring mail of fire resistance
 y - a +0 chain mail
 C - a +0 plate armour (worn)
Jewellery
 p - an amulet of the acrobat (around neck)
Wands
 q - a wand of paralysis (6)
 x - a wand of digging (6)
Scrolls
 f - 2 scrolls of noise {unknown}
 i - 6 scrolls of identify
 j - 4 scrolls of fear {unknown}
 o - 3 scrolls of teleportation {unknown}
 v - 5 scrolls of poison {unknown}
 w - a scroll of enchant armour {unknown}
 A - a scroll of torment {unknown}
Potions
 e - 2 potions of resistance {unknown}
 h - a potion of lignification {unknown}
 k - 2 potions of brilliance
 l - 2 potions of degeneration {unknown}
 m - 2 potions of attraction
 u - a potion of haste
 z - a potion of ambrosia {unknown}


   Skills:
 + Level 5.7 Fighting
 * Level 5.7 Axes
 * Level 7.4 Armour
 - Level 3.2 Shields


You had 7 spell levels left.
You didn't know any spells.
Your spell library contained the following spells:

 Spells                   Type           Power      Damage    Failure   Level
 Alistair's Intoxication  Tmut/Pois      0%         N/A       100%        5
 Borgnjor's Vile Clutch   Necr/Erth      0%         N/A       100%        5
 Eringya's Noxious Bog    Tmut/Pois      0%         N/A       100%        6


Dungeon Overview and Level Annotations

Branches:
Dungeon (6/15)             Temple (1/1) D:4

Altars:
Cheibriados
Dithmenos
Elyvilon
Fedhas
Hepliaklqana
Makhleb
Nemelex Xobeh
Qazlal
Ru
Sif Muna
Trog
Uskayaw
Vehumet
Wu Jian
Xom
Yredelemnul
Zin
The Shining One

Shops:
D:5 :


Innate Abilities, Weirdness & Mutations

You are immune to sickness and miasma.
Your stone body is resilient. (AC +5)
You are immune to poison.
You resist negative energy. (rN+)
You are resistant to electric shocks. (rElec)
You are resistant to unholy torment.
You are immune to petrification.


Message History

The wight is moderately damaged.
You hit the wight. The wight closely misses you.
The wight hits you with a +5 mace!
You are too injured to fight recklessly!
You are too injured to fight recklessly!
You are too injured to fight recklessly!
You hit the wight but do no damage.
The wight is moderately damaged.
You hit the wight. The wight hits you but does no damage.
The wight hits you with a +5 mace.
* * * LOW HITPOINT WARNING * * *
You slash the wight!
The wight is almost destroyed.
You closely miss the wight. The wight barely misses you.
The wight hits you with a +5 mace.
* * * LOW HITPOINT WARNING * * *
You closely miss the wight.
The wight is almost destroyed.
You closely miss the wight. The wight closely misses you.
The wight hits you but does no damage. The wight hits you with a +5 mace.
* * * LOW HITPOINT WARNING * * *
You block the wight's attack.
You barely miss the wight.
The wight is almost destroyed.
You hit the wight.
The wight hits you but does no damage. x2
You closely miss the wight.
The wight is almost destroyed.
You closely miss the wight. The wight hits you with a +1 halberd.
* * * LOW HITPOINT WARNING * * *
The wight hits you but does no damage.
You closely miss the wight.
The wight is almost destroyed.
You closely miss the wight.
The wight hits you but does no damage. x2
You hit the wight but do no damage.
The wight is almost destroyed.
You closely miss the wight. The wight barely misses you. x2
You hit the wight but do no damage.
The wight is almost destroyed.
You closely miss the wight. The wight hits you with a +1 halberd!
You die...

#<...............#..........#
##...............#..........#
#...............#..........#
#.......#########..........#
+.......#..................#
#.......#..................#
#.......#..................#
#.......#........#####.....#
#..>..z@.#...'.....#
######.....z..#...#.....#
..............#...###+###
..............#...
..............#...
.#'#######... #.......#...
##########g......#...
#.......<........#


You could see 2 wights.

Vanquished Creatures
  Eustachio (D:3)
  An orc warrior (D:5)
  3 phantoms (D:3)
  A bullfrog (D:6)
  A jelly (D:6)
  4 orc priests
  5 hounds
  Ijyb (D:4)
  2 orc wizards
  7 adders
  3 gnolls (D:6)
  A white imp (D:6)
  3 ufetubi
  5 worms
  2 dart slugs
  20 orcs
  6 ball pythons
  7 endoplasms
  3 giant cockroaches
  9 goblins
  2 hobgoblins (D:2)
  2 jackals (D:1)
  4 kobolds
  4 quokkas
  8 bats
  6 frilled lizards
  4 rats
115 creatures vanquished.

Notes
Turn   | Place    | Note
-------+----------+-------------------------------------------
     0 | D:1      | Hugehornet the Gargoyle Fighter began the quest for the
                  | Orb.
     0 | D:1      | Reached XP level 1. HP: 14/14 MP: 1/1
   283 | D:1      | Reached XP level 2. HP: 14/19 MP: 2/2
   999 | D:2      | Reached XP level 3. HP: 23/23 MP: 3/3
  1028 | D:2      | Reached skill level 4 in Armour
  1319 | D:2      | Reached XP level 4. HP: 29/29 MP: 4/4
  1789 | D:2      | You fall into a shaft and drop 2 floors!
  1789 | D:4      | Found a shimmering altar of Xom.
  1831 | D:4      | Noticed Ijyb
  1840 | D:4      | Killed Ijyb
  1909 | D:4      | Noticed a phantom
  1909 | D:4      | Noticed a phantom
  1949 | D:3      | Reached XP level 5. HP: 16/33 MP: 5/5
  3141 | D:2      | Found a faded altar of an unknown god.
  3535 | D:4      | Reached skill level 5 in Armour
  3620 | D:4      | Noticed Eustachio
  3624 | D:4      | Noticed a phantom
  3900 | D:3      | Killed a phantom
  3901 | D:3      | Reached XP level 6. HP: 33/39 MP: 6/6
  3994 | D:3      | Reached XP level 7. HP: 18/44 MP: 7/7
  4016 | D:3      | Killed Eustachio
  4017 | D:3      | Reached skill level 5 in Fighting
  4017 | D:3      | Reached skill level 6 in Armour
  4233 | D:4      | Identified the +4 sling of the Imbibing Dove {freeze, rC+
                  | Str+2 Dex+2}
  4602 | D:4      | Found a glowing silver altar of Zin.
  4729 | D:4      | Found a staircase to the Ecumenical Temple.
  4929 | Temple   | Entered the Ecumenical Temple
  5142 | D:5      | Entered Level 5 of the Dungeon
  5172 | D:5      | Reached skill level 5 in Axes
  6009 | D:5      | Found Mogoutas's Book Shoppe.
  6059 | D:5      | Reached skill level 7 in Armour
  6059 | D:5      | Reached XP level 8. HP: 26/50 MP: 8/8
  6848 | D:6      | Slain by a wight

Illustrated notes

Levels and vault maps discovered:
D:1:      dpeg_arrival_circle_labyrinth_c, layout_basic
D:2:      minmay_skewed_foursquare, layout_basic,
          shapermc_ecumenical_altar_notcrosses
D:3:      layout_basic
D:4:      layout_cave_pools, mainiacjoe_overflow_alcove_4, kennysheep_mini_moat,
          temple_fountains, uniq_ijyb, uniq_eustachio
D:5:      layout_layer_cave, serial_shops, nicolae_diamond_shop
D:6:      layout_gridville, minmay_checkerbox
Temple:   nicolae_temple_slightly_damp_pantheon

Skill      XL: |  1  2  3  4  5  6  7 |
---------------+----------------------+-----
Axes           | 2 3 4 5 |  5.7
Armour         | 4 5 7 |  7.4
Fighting       | 4 5 |  5.7
Shields        | |  3.2

Action                   |  1- 3 |  4- 6 |  7- 9 || total
-------------------------+-------+-------+-------++-------
Melee: War axe           |    91 |   178 |   203 ||   472
  Use: Potion            |       |     6 |     6 ||    12
       Scroll            |       |       |     1 ||     1
Armor: Scale mail        |    62 |   204 |    66 ||   332
       Chain mail        |       |       |    47 ||    47
       Plate armour      |       |       |    63 ||    63
Dodge: Dodged            |    54 |   199 |   131 ||   384
Block: Buckler           |    17 |    69 |    45 ||   131
